 Dungeon Crawl Stone Soup version 0.30-a0-305-g026cb31310 (webtiles) character file.

Game seed: 7233213524550189555

1082 mopl the Sneak (level 8, 0/81 HPs)
             Began as an Octopode Brigand on Oct 22, 2022.
             Was a Follower of Dithmenos.
             Slain by Grinder (6 damage)
             ... on level 5 of the Dungeon.
             The game lasted 00:08:13 (4237 turns).

mopl the Sneak (Octopode Brigand)                   Turns: 4237, Time: 00:08:14

Health: 0/81       AC: 28    Str: 10    XL:     8   Next: 30%
Magic:  11/11      EV:  2    Int: 16    God:    Dithmenos [*.....]
Gold:   286        SH:  0    Dex: 13    Spells: 6/11 levels left

rFire   . . .      SeeInvis .    (no weapon)
rCold   . . .      Faith    .    (no shield)
rNeg    . . .      Spirit   .    (helmet currently unavailable)
rPois   +          Reflect  .    (no amulet)
rElec   .          Harm     .    u - +4 ring of protection
rCorr   .          Rampage  .    (no ring)
Will    .....      NoTele   +    (no ring)
Stlth   ++++......               (no ring)
HPRegen 0.33/turn                (no ring)
MPRegen 0.12/turn                (no ring)
                                 (no ring)
                                 (no ring)

@: lethally poisoned (0 -> -1), tree-form, wreathed by umbra
A: stationary, stasis, torment immunity, boosted hp, almost no armour,
(amphibious), 8 rings, (camouflage 1), (gelatinous body 1), (nimble swimmer 1),
(tentacles)
a: Renounce Religion


You were on level 5 of the Dungeon.
You worshipped Dithmenos.
Dithmenos was aware of your devotion.
You were a tree.
You visited 2 branches of the dungeon, and saw 6 of its levels.
You also visited: Sewer.

You collected 286 gold pieces.

Inventory:

Hand Weapons
 a - a +2 dagger of venom
Missiles
 b - 28 poisoned darts (quivered)
 c - 3 curare-tipped darts
 d - 2 boomerangs
 m - a throwing net
Jewellery
 u - a +4 ring of protection (left branch)
Wands
 l - a wand of polymorph (8)
Scrolls
 f - a scroll of summoning {unknown}
 h - a scroll of brand weapon {unknown}
 i - 3 scrolls of immolation {unknown}
 j - a scroll of enchant armour {unknown}
 q - 2 scrolls of butterflies {unknown}
 r - 2 scrolls of magic mapping {unknown}
 s - a scroll of fear {unknown}
 t - 2 scrolls of vulnerability {unknown}
 x - a scroll of teleportation {unknown}
 y - a scroll of identify
 A - a scroll of torment {unknown}
 B - 2 scrolls of amnesia {unknown}
Potions
 g - 6 potions of flight
 k - 2 potions of mutation {!q}
 n - a potion of might
 o - 2 potions of curing
 p - 2 potions of heal wounds
 v - a potion of ambrosia
 w - 2 potions of haste
 z - a potion of cancellation


   Skills:
 + Level 3.8 Fighting
 - Level 2.0 Short Blades
 + Level 3.8 Throwing
 + Level 3.5 Dodging
 + Level 7.4 Stealth
 + Level 2.4 Spellcasting
 + Level 2.8 Hexes
 + Level 2.9 Poison Magic
 + Level 1.9 Invocations
 + Level 3.1 Evocations


You had 6 spell levels left.
You knew the following spells:

 Your Spells              Type           Power      Damage    Failure   Level
o - Olgreb's Toxic Radia  Pois           11%        N/A       52%         4
s - Slow                  Hex            44%        N/A       6%          1

Your spell library contained the following spells:

 Spells                   Type           Power      Damage    Failure   Level
 Confusing Touch          Hex            11%        N/A       19%         3
 Necrotise                Necr           4%         1d4       21%         1
 Cigotuvi's Dreadful Rot  Necr/Pois/Air  10%        N/A       21%         2
 Vampiric Draining        Necr           1%         2d6       52%         3
 Dispel Undead            Necr           1%         3d6       89%         4
 Alistair's Intoxication  Tmut/Pois      4%         N/A       96%         5
 Agony                    Necr           1%         N/A       99%         5
 Borgnjor's Vile Clutch   Necr/Erth      0%         N/A       99%         5
 Death Channel            Necr           0%         N/A       100%        6
 Eringya's Noxious Bog    Tmut/Pois      3%         N/A       100%        6
 Ozocubu's Refrigeration  Ice            0%         4d7       100%        7
 Ignition                 Fire           0%         3d3       100%        8


Dungeon Overview and Level Annotations

Branches:
Dungeon (5/15)             Temple (1/1) D:5           Sewer (visited)

Altars:
Cheibriados
Dithmenos
Elyvilon
Fedhas
Makhleb
Nemelex Xobeh
Qazlal
Trog
Uskayaw
Vehumet
Wu Jian
Xom
Zin

Annotations:
D:5 Grinder


Innate Abilities, Weirdness & Mutations

You are a tree.
Your roots penetrate the ground, keeping you stationary.
You cannot be teleported.
You are immune to unholy pain and torment.
Your maximum health is greatly increased.
You cannot wear most types of armour.
((You are amphibious.))
You can wear up to eight rings at the same time.
((Your skin changes colour to match your surroundings (Stealth+).))
((Your rubbery body absorbs attacks. (AC +1, EV +1)))
((You are camouflaged when in or above water. (Stealth+)))
((You have tentacles for arms and can constrict up to eight enemies at once.))


Message History

You hit the scorpion but do no damage.
The scorpion looks even sicker.
The scorpion is heavily wounded.
You feel very sick.
The scorpion stings you but does no damage.
Unknown command.
You closely miss the scorpion.
The scorpion is severely wounded.
You feel sick.
The scorpion stings you but does no damage.
You hit the scorpion but do no damage.
The scorpion looks as sick as possible!
The scorpion is almost dead.
You feel sick.
You kill the scorpion!
Dithmenos accepts your kill.
You hit Grinder.
Grinder is lightly wounded.
You feel sick. Grinder hits you!
You writhe in agony.
You hit Grinder but do no damage.
Grinder is lightly wounded.
You feel sick.
Okay, then.
Your +2 dagger of venom stops dripping with poison.
You are now empty-handed.
Grinder hits you.
You writhe in agony.
* * * LOW HITPOINT WARNING * * *
Unknown command.
You hit Grinder but do no damage.
Grinder is lightly wounded.
You feel sick. Grinder hits you.
* * * LOW HITPOINT WARNING * * *
You writhe in agony.
* * * LOW HITPOINT WARNING * * *
You hit Grinder.
Grinder is lightly wounded.
You feel sick. Grinder hits you but does no damage.
You barely miss Grinder.
Grinder is lightly wounded.
You feel sick. Grinder hits you.
* * * LOW HITPOINT WARNING * * *
You writhe in agony.
You die...

#. .#.###.# #..#### #.
......# # #.....#
#.##.#... ..# #.....#
###.....w##.?.# #.....#
#...........# #.....#
.####.####...#### #.....#
....#.####...## ###.....#
#..)...(.#..#####.......#
###.###..##.w5♣##.#.....#
###...#
#..#####....#######
#...### #..### ###..#
.....####...†#####..####
...................>...#
............##..######..#
............##..# .#
.....######....## #
....... ..##(..


You could see Grinder and a dart slug.

Vanquished Creatures
  A phantom (D:4)
  Blork the orc (D:5)
  2 necrophages
  3 scorpions
  A hound (D:5)
  An orc priest (D:4)
  A jelly (D:5)
  A gnoll bouda (D:5)
  3 iguanas
  2 orc wizards
  9 gnolls
  12 adders
  4 river rats (Sewer)
  A white imp (D:5)
  An ufetubus (D:5)
  5 worms
  4 dart slugs
  11 orcs
  8 ball pythons
  11 bats
  4 endoplasms
  8 giant cockroaches
  6 goblins
  6 hobgoblins
  8 jackals
  8 kobolds
  13 quokkas
  7 frilled lizards
  5 rats
147 creatures vanquished.

Notes
Turn   | Place    | Note
-------+----------+-------------------------------------------
     0 | D:1      | mopl the Octopode Brigand began the quest for the Orb.
     0 | D:1      | Reached XP level 1. HP: 14/14 MP: 1/1
   115 | D:1      | Reached XP level 2. HP: 15/19 MP: 2/2
   185 | D:1      | Reached XP level 3. HP: 25/25 MP: 3/3
   584 | D:1      | Found a faded altar of an unknown god.
   599 | D:1      | Learned a level 1 spell: Slow
   860 | D:2      | Reached skill level 2 in Dodging
   860 | D:2      | Reached XP level 4. HP: 25/30 MP: 4/4
   921 | D:2      | Reached skill level 6 in Stealth
  1376 | D:3      | Found a glowing drain.
  1379 | D:3      | Reached skill level 1 in Hexes
  1394 | Sewer    | Entered a sewer
  1410 | Sewer    | Reached XP level 5. HP: 27/36 MP: 5/5
  1619 | Sewer    | Reached skill level 1 in Evocations
  1896 | Sewer    | Reached skill level 3 in Fighting
  1896 | Sewer    | Reached skill level 3 in Throwing
  2204 | D:3      | Learned a level 4 spell: Olgreb's Toxic Radiance
  2275 | D:3      | Reached XP level 6. HP: 38/42 MP: 7/7
  2402 | D:3      | Reached skill level 1 in Spellcasting
  3011 | D:4      | Reached skill level 2 in Hexes
  3011 | D:4      | Reached skill level 1 in Poison Magic
  3011 | D:4      | Reached skill level 2 in Evocations
  3061 | D:4      | Found a shimmering altar of Xom.
  3185 | D:5      | Entered Level 5 of the Dungeon
  3185 | D:5      | Found a staircase to the Ecumenical Temple.
  3207 | Temple   | Entered the Ecumenical Temple
  3249 | Temple   | Became a worshipper of Dithmenos the Shadowed
  3337 | D:5      | Reached XP level 7. HP: 46/46 MP: 9/9
  3389 | D:4      | Reached skill level 3 in Dodging
  3766 | D:4      | Reached skill level 2 in Spellcasting
  3774 | D:4      | Reached * piety under Dithmenos
  3851 | D:5      | Reached skill level 2 in Poison Magic
  3851 | D:5      | Reached skill level 1 in Invocations
  3916 | D:5      | Reached skill level 7 in Stealth
  3994 | D:5      | Reached XP level 8. HP: 53/53 MP: 11/11
  4159 | D:5      | Noticed Blork the orc
  4163 | D:5      | Killed Blork the orc
  4164 | D:5      | Reached skill level 3 in Evocations
  4211 | D:5      | Noticed Grinder
  4237 | D:5      | Slain by Grinder

Illustrated notes

Levels and vault maps discovered:
D:1:      psy_arrival_dodecagon, layout_loops_cross,
          hellmonk_ecumenical_altar_prayer_group, serial_aquarium,
          aquarium_bridge_straight [aquarium_subvault_bridge,
          aquarium_subvault_wall, aquarium_subvault_bridge,
          aquarium_subvault_wall], aquarium_window_fake, aquarium_window_fake,
          aquarium_window_corner, aquarium_view_2d, aquarium_balcony_3b,
          aquarium_pool_2, corexii_leaking_fountain, minmay_misc_feat_room
D:2:      layout_basic
D:3:      layout_basic, gup_sewer_entry_pipe, grunt_decor_cap,
          kennysheep_path_1, grunt_decor_one_mirror, kennysheep_generic_room_5
D:4:      layout_cave_pools, mainiacjoe_overflow_six_doors_small,
          minmay_misc_feat_rows, hex_medium
D:5:      layout_rooms, minmay_temple_entry_mist, grunt_decor_junction,
          kennysheep_generic_room_2, uniq_grinder, uniq_blork_the_orc
Temple:   kb_temple_of_zot

Skill      XL: |  1  2  3  4  5  6  7  8 |
---------------+-------------------------+-----
Dodging        | 2 3 |  3.5
Stealth        | 6 7 |  7.4
Hexes          | 1 2 |  2.8
Evocations     | 1 2 3 |  3.1
Fighting       | 3 |  3.8
Throwing       | 3 |  3.8
Spellcasting   | 1 2 |  2.4
Poison Magic   | 1 2 |  2.9
Invocations    | 1 |  1.9
Short Blades   | |  2.0

Action                   |  1- 3 |  4- 6 |  7- 9 || total
-------------------------+-------+-------+-------++-------
Melee: Dagger            |    55 |   167 |   129 ||   351
       Constrict         |     9 |    32 |    29 ||    70
       Tentacles         |     8 |    29 |    30 ||    67
       Unarmed           |       |     7 |     3 ||    10
       Punch             |       |     2 |     3 ||     5
Throw: Dart              |       |     3 |     2 ||     5
  Use: Potion            |       |     4 |     1 ||     5
       Scroll            |       |     5 |     2 ||     7
 Stab: Sleeping          |    13 |    28 |     9 ||    50
       Distracted        |       |     2 |       ||     2
Armor: Skin              |     2 |    65 |    29 ||    96
Dodge: Dodged            |    19 |    88 |    72 ||   179

Table legend: (Time is in decaauts)
 A = Elapsed time spent in this place.
 B = Non-inter-level travel time spent in this place.
 C = Inter-level travel time spent in this place.
 D = Time resting spent in this place.
 E = Time spent auto-exploring this place.
 F = Levels seen in this place.
 G = Mean time per level.
                   A        B        C        D        E       F      G
               +--------+--------+--------+--------+--------+-----+--------+
         Total |   4212 |   4010 |    202 |    619 |   2238 |   7 |  601.7 |
       Dungeon |   3364 |   3190 |    174 |    310 |   1998 |   5 |  672.8 |
        Temple |     71 |     43 |     28 |      0 |     31 |   1 |   71.0 |
         Sewer |    775 |    775 |      0 |    309 |    209 |   1 |  775.0 |
               +--------+--------+--------+--------+--------+-----+--------+

Top non-repeatable levels by time:
     D:3: 817 daAuts
   Sewer: 775 daAuts
     D:4: 734 daAuts
     D:1: 641 daAuts
     D:2: 614 daAuts
     D:5: 556 daAuts
  Temple: 71 daAuts
